Map: Blackpink LE

Players

Namshar - Winner!

  • Race: Zerg Zerg
  • League: Master
  • Spawn Location: 1:00

Bly

  • Race: Zerg Zerg
  • Spawn Location: 7:00

Event: WESG Barcelona European Finals 2017

VOD

Have the link to the VOD?

Description

Time

  • Played on: Nov. 25, 2017, 7:07 a.m.
  • Length: 14:44

All games in this series

Show
View Real Time Build Order
Export as new Build Order

Namshar Zerg - Winner!

Build Orders: Hatch First, Lurkers 

Get SALT Encoding   

  12  0:00  Drone  
  13  0:12  Overlord  
  13  0:17  Drone  
  14  0:30  Drone x2  
  16  0:38  Drone  
  17  0:51  Hatchery  
  17  0:54  Drone  
  17  1:07  Spawning Pool  
  17  1:10  Extractor  
  15  1:11  Drone  
  15  1:15  Drone  
  17  1:19  Drone  
  18  1:27  Drone  
  19  1:38  Overlord  
  19  1:50  Drone  
  20  1:54  Queen  
  20  2:00  Zergling x2  
  23  2:02  Queen  
  23  2:03  Zergling x2  
  26  2:09  Metabolic Boost  
  26  2:10  Drone  
  26  2:14  Zergling x2  
  28  2:22  Drone  
  29  2:24  Drone  
  30  2:31  Baneling Nest  
  30  2:32  Drone  
  30  2:38  Drone  
  31  2:48  Hatchery  
  29  2:59  Drone x3  
  29  3:03  Overlord  
  29  3:05  Zergling x6  
  36  3:12  Overlord  
  36  3:23  Drone x2  
  36  3:24  Drone x3  
  40  3:43  Drone  
  40  3:44  Drone x7  
  48  3:49  Roach Warren  
  48  3:51  Evolution Chamber  
  48  3:52  Drone  
  48  3:54  Overlord  
  47  4:00  Queen  
  49  4:04  Lair, Extractor x2  
  47  4:10  Drone x3  
  47  4:11  Drone  
  47  4:15  Overlord  
  51  4:19  Zerg Missile Weapons Level 1  
  51  4:23  Drone x2  
  53  4:30  Roach  
  53  4:31  Roach x2  
  59  4:32  Overlord  
  59  4:35  Roach  
  61  4:39  Roach  
  61  4:42  Drone x2  
  61  4:45  Overlord  
  65  4:48  Drone  
  65  4:49  Drone  
  67  4:54  Drone x2  
  67  4:58  Roach  
  67  4:59  Roach x2  
  74  5:07  Drone, Overlord x2  
  74  5:08  Overseer  
  74  5:10  Roach  
  74  5:11  Roach  
  80  5:14  Drone  
  80  5:16  Extractor  
  80  5:20  Overlord x2  
  79  5:24  Drone  
  80  5:30  Drone  
  80  5:31  Drone  
  80  5:34  Overlord x2  
  82  5:40  Drone  
  82  5:41  Hydralisk Den  
  82  5:42  Queen  
  84  5:44  Spore Crawler x2  
  84  5:45  Drone, Spore Crawler  
  84  5:46  Drone  
  84  5:47  Drone x2  
  84  5:48  Drone  
  86  5:54  Queen  
  88  6:02  Drone x3  
  88  6:03  Drone x2  
  93  6:05  Extractor  
  93  6:06  Overlord x2  
  93  6:11  Muscular Augments  
  92  6:19  Drone x3  
  92  6:20  Drone, Zerg Missile Weapons Level 2  
  92  6:22  Overlord  
  92  6:24  Hydralisk  
  92  6:25  Hydralisk  
  98  6:28  Hydralisk  
  98  6:30  Hydralisk  
  103  6:33  Hydralisk  
  105  6:43  Hydralisk  
  105  6:44  Hydralisk x4  
  113  6:53  Hydralisk x4  
  121  7:00  Hydralisk x3  
  121  7:12  Drone x2  
  121  7:14  Lurker Den, Unknown  
  122  7:25  Overlord x4  
  122  7:26  Hydralisk x5  
  132  7:30  Drone x2  
  132  7:33  Extractor  
  133  7:38  Overlord x2  
  133  7:48  Hatchery  
  129  7:55  Drone x2  
  131  8:00  Lurker Den  
  131  8:01  Roach x9  
  131  8:02  Roach x3  
  154  8:07  Glial Reconstitution  
  150  8:15  Overlord x4  
  150  8:18  Drone  
  150  8:19  Drone x2  
  153  8:35  Drone  
  153  8:36  Roach x8  
  168  8:41  Roach  
  168  8:42  Roach  
  168  8:43  Ravager x2  
  168  8:45  Roach  
  176  8:51  Roach x4  
  184  9:01  Overseer  
  184  9:02  Pneumatized Carapace  
  184  9:05  Drone x5  
  184  9:06  Drone x3  
  192  9:10  Drone  
  192  9:13  Infestation Pit  
  192  9:18  Extractor  
  192  9:19  Spine Crawler, Spore Crawler, Extractor  
  188  9:24  Spine Crawler  
  188  9:26  Lurker x2  
  188  9:27  Lurker  
  188  9:28  Lurker  
  191  9:41  Overseer  
  191  9:43  Spine Crawler  
  191  9:45  Drone x3, Spine Crawler x2  
  193  9:49  Spine Crawler  
  190  10:04  Hydralisk  
  190  10:05  Roach x11  
  190  10:06  Roach x6  
  180  10:23  Roach x10  
  198  10:31  Zerg Ground Armor Level 1  
  198  10:32  Hive  
  197  10:39  Extractor  
  197  10:41  Roach x3  
  177  10:56  Hydralisk x2  
  177  10:57  Roach x8  
  165  11:04  Hydralisk x3  
  149  11:11  Drone  
  149  11:12  Drone x3  
  149  11:17  Drone  
  154  11:18  Evolution Chamber  
  153  11:26  Lurker  
  153  11:28  Lurker  
  153  11:29  Lurker x2  
  157  11:37  Lurker  
  157  11:38  Lurker  
  159  11:43  Hatchery  
  159  11:46  Zerg Missile Weapons Level 3  
  158  11:47  Adaptive Talons  
  158  11:51  Lurker  
  158  11:52  Lurker  
  160  11:57  Drone x2  
  160  11:58  Drone x2  
  164  12:03  Hydralisk x4  
  172  12:08  Hatchery  
  171  12:24  Hydralisk x3  
  171  12:25  Roach x2  
  171  12:26  Roach x6  
  185  12:32  Hydralisk  
  185  12:33  Hydralisk  
  187  12:48  Hydralisk x2  
  187  12:51  Ravager  
  188  13:11  Hydralisk  
  188  13:12  Roach x5  
  166  13:42  Hydralisk  
  166  13:43  Roach x7  
  157  13:58  Hydralisk, Roach  
  157  13:59  Roach x12  
  184  14:03  Queen  
  184  14:04  Overseer  
  184  14:05  Queen  
  184  14:09  Spire  
  189  14:10  Roach x4  
Show
View Real Time Build Order
Export as new Build Order

Bly Zerg 

Build Orders: Hatch First, Lurkers, Muta Ling Bane 

Get SALT Encoding   

  12  0:01  Drone  
  13  0:12  Overlord  
  13  0:17  Drone  
  14  0:31  Drone x2  
  16  0:50  Hatchery  
  16  0:52  Drone  
  16  0:56  Drone  
  17  0:59  Drone  
  18  1:05  Extractor  
  17  1:15  Spawning Pool  
  17  1:17  Drone  
  17  1:20  Drone  
  18  1:28  Drone  
  19  1:39  Overlord  
  19  1:54  Drone  
  20  2:01  Queen  
  20  2:02  Queen  
  20  2:04  Zergling x4  
  26  2:12  Drone  
  26  2:14  Drone  
  28  2:22  Drone  
  29  2:26  Drone  
  30  2:39  Drone x2  
  30  2:42  Queen  
  34  2:44  Lair  
  34  2:56  Drone x2  
  36  3:00  Overlord  
  36  3:12  Evolution Chamber, Overlord  
  35  3:15  Hatchery  
  35  3:18  Drone x3  
  37  3:20  Drone  
  37  3:21  Extractor  
  37  3:29  Drone x3  
  40  3:35  Roach Warren  
  40  3:41  Evolution Chamber  
  36  3:43  Zerg Missile Weapons Level 1  
  36  3:46  Drone x2  
  38  3:50  Extractor  
  38  3:51  Extractor  
  38  3:55  Drone x2  
  38  3:59  Drone  
  39  4:05  Spire  
  39  4:08  Drone  
  39  4:09  Drone  
  40  4:14  Drone x2  
  42  4:18  Drone x2  
  42  4:21  Drone  
  45  4:26  Glial Reconstitution  
  45  4:30  Drone  
  46  4:35  Drone x2  
  46  4:36  Drone  
  46  4:38  Drone  
  50  4:43  Overlord  
  50  4:47  Drone  
  50  4:50  Drone  
  50  4:51  Overlord  
  52  4:53  Drone  
  53  5:07  Queen  
  55  5:16  Mutalisk x6  
  55  5:19  Drone  
  55  5:20  Drone  
  69  5:23  Extractor  
  69  5:24  Drone  
  69  5:25  Extractor  
  68  5:33  Mutalisk  
  68  5:35  Mutalisk  
  72  5:40  Drone x2  
  72  5:41  Overlord  
  74  5:45  Overlord  
  74  5:49  Overlord x2  
  74  5:58  Zerg Missile Weapons Level 2  
  74  6:06  Hatchery, Mutalisk x2  
  74  6:08  Drone x2  
  74  6:10  Drone  
  80  6:20  Overlord  
  80  6:25  Drone x3  
  83  6:27  Mutalisk  
  83  6:28  Mutalisk x2  
  89  6:35  Baneling Nest  
  89  6:36  Drone  
  89  6:43  Drone  
  90  6:47  Drone x3  
  90  6:48  Drone x7  
  100  6:54  Overlord  
  100  6:55  Overseer  
  96  7:11  Drone x5  
  96  7:12  Drone x3  
  104  7:24  Overseer  
  104  7:25  Roach  
  104  7:26  Roach x7  
  104  7:29  Centrifical Hooks  
  120  7:30  Overlord x2  
  120  7:36  Overlord x2  
  118  8:02  Roach x9  
  118  8:04  Overlord x2  
  118  8:05  Zerg Ground Armor Level 1  
  132  8:13  Zergling x2  
  132  8:14  Zergling x4  
  132  8:17  Hatchery  
  134  8:21  Roach x9  
  134  8:23  Zergling x6  
  155  8:35  Overlord x4  
  155  8:40  Metabolic Boost  
  155  8:45  Baneling x6  
  155  8:46  Zergling x10  
  156  8:57  Overseer x2  
  156  9:00  Roach x11  
  178  9:05  Extractor  
  178  9:06  Extractor  
  178  9:07  Zerg Melee Weapons Level 1  
  176  9:10  Overseer  
  176  9:13  Baneling x2  
  176  9:14  Baneling x10  
  176  9:24  Overlord, Zerg Flyer Weapons Level 1  
  176  9:25  Zergling x2  
  176  9:26  Zergling x24  
  176  9:29  Baneling x2  
  189  9:42  Ravager x9  
  189  9:43  Hydralisk Den  
  189  9:44  Zergling x6  
  150  10:11  Roach x8  
  150  10:12  Roach x10  
  173  10:20  Roach x8  
  167  10:33  Baneling x8  
  167  10:37  Zergling x6, Roach x4  
  167  10:38  Roach x2  
  167  10:39  Overlord  
  178  10:44  Overlord  
  164  10:56  Roach x6  
  164  10:57  Roach x5  
  162  11:01  Roach x3  
  154  11:04  Roach x2  
  147  11:14  Zergling x2  
  147  11:15  Zergling x18  
  155  11:20  Ravager x6  
  155  11:22  Lurker Den  
  155  11:23  Overseer  
  160  11:30  Tunneling Claws  
  160  11:37  Baneling x5  
  160  11:42  Baneling  
  160  11:43  Hatchery  
  159  11:47  Burrow  
  159  11:52  Overlord  
  159  11:54  Roach x7  
  173  11:56  Drone x2  
  175  12:05  Baneling x9  
  175  12:06  Baneling x2  
  174  12:20  Infestation Pit  
  170  12:34  Hydralisk  
  170  12:35  Hydralisk x9  
  181  12:50  Zergling x20  
  169  13:07  Roach x15  
  182  13:19  Lurker x3  
  185  13:20  Lurker x3  
  185  13:27  Roach x6  
  140  13:44  Roach x12  
  140  13:46  Roach x5  
  140  13:47  Roach x2  
  144  13:50  Roach x2  
  144  13:54  Overseer x3  
  137  13:57  Lurker x2  
  125  14:08  Roach x3  
Tags
 
Add a new tag
Caveats
  • Supply blocks, unpowered buildings, or Contaminate may cause inaccurate times.
  • Supply counts are checked every 10 seconds.